AoeStats
← Crash234

African Clearing

512423915Analyzed
4v4 RM · 8d ago on Oct 9, 2026· 88m 1s· 8 players
Game mode
Random Map
Map size
Large (8 player)
Population
200
Speed
Normal
Resources
Standard
Victory
Conquest
Starting age
Dark Age
Ending age
Imperial Age
RankedLock teamsTeams togetherTeam positionsShared explorationLock speedFull tech treeHidden civsTurbo modeCheats
Victory
Defeat
🇷🇺 Wei · Russia
741
+12
🇷🇺 Poles · Russia
728
+13
🇷🇺 Khmer · Russia
726
+13
🇧🇴 Bohemians · Bolivia
699
+14
vs
🇩🇪 Mongols · Germany
665
-13
🇩🇪 Franks · Germany
659
-13
🇩🇪 Khmer · Germany
654
-13
🇩🇪 Poles · Germany
652
-13
Konata Izumi
11:26 Loom
18:38 Feudal Age
21:10 Fletching
22:47 Forging
25:03 Castle Age
23:51 Stone Mining
25:12 Pikeman
61:46 Wheelbarrow
67:27 Double-Bit Axe
71:06 Bow Saw
70:54 Gold Mining
72:58 Gold Shaft Mining
76:08 Imperial Age
74:22 Scale Mail Armor
75:40 Hand Cart
75:12 Town Watch
76:14 Iron Casting
75:49 Tuntian
76:10 Chain Mail Armor
77:29 Conscription
78:23 Halberdier
80:07 Blast Furnace
80:06 Elite Tiger Cavalry
80:09 Heavy Hei Guang Cavalry
80:49 Husbandry
81:00 Bloodlines
82:37 Spies/Treason
l-l-server-l-l
18:08 Feudal Age
19:43 Horse Collar
21:53 Fletching
22:03 Padded Archer Armor
22:16 Double-Bit Axe
23:10 Town Watch
24:06 Wheelbarrow
23:25 Stone Mining
29:21 Castle Age
28:27 Scale Barding Armor
28:32 Forging
30:28 Hand Cart
32:02 Bodkin Arrow
34:08 Bow Saw
36:05 Heavy Plow
36:20 Bloodlines
36:12 Husbandry
36:27 Town Patrol
37:29 Chain Barding Armor
38:00 Ballistics
44:10 Szlachta Privileges
52:22 Imperial Age
49:31 Light Cavalry
51:46 Iron Casting
53:35 Conscription
54:17 Blast Furnace
54:20 Winged Hussar
70:48 Stone Shaft Mining
70:45 Crop Rotation
84:23 Lechitic Legacy
84:25 Conscription
85:23 Blast Furnace
86:37 Spies/Treason
Crash234
4:58 Loom
18:44 Feudal Age
19:15 Horse Collar
21:28 Double-Bit Axe
25:44 Wheelbarrow
24:55 Town Watch
29:53 Castle Age
28:14 Scale Barding Armor
28:20 Forging
32:32 Husbandry
34:07 Hand Cart
34:55 Bow Saw
34:44 Gold Mining
36:00 Caravan
37:13 Heavy Plow
41:26 Iron Casting
41:12 Chain Barding Armor
49:15 Imperial Age
48:03 Gold Shaft Mining
52:45 Blast Furnace
51:18 Light Cavalry
52:51 Tusk Swords
54:10 Plate Barding Armor
53:22 Pikeman
55:47 Scale Mail Armor
58:14 Elite Battle Elephant
59:59 Crop Rotation
59:23 Fletching
60:02 Ballistics
63:57 Conscription
64:54 Bodkin Arrow
65:01 Padded Archer Armor
70:53 Double Crossbow
73:05 Elite Ballista Elephant
78:09 Bracer
78:24 Leather Archer Armor
78:25 Chain Mail Armor
84:39 Spies/Treason
marcselo61280
9:17 Loom
19:08 Feudal Age
24:38 Castle Age
28:34 Scale Barding Armor
28:30 Scale Mail Armor
28:59 Pikeman
31:32 Chain Mail Armor
36:08 Imperial Age
48:29 Halberdier
54:02 Squires
69:29 Chemistry
68:50 Ballistics
77:23 Plate Mail Armor
82:21 Forging
83:17 Elite Hussite Wagon
84:04 Hussite Reforms
85:07 Double-Bit Axe
84:58 Spies/Treason
NitroStar99
15:27 Feudal Age
16:19 Double-Bit Axe
18:11 Scale Barding Armor
21:39 Forging
26:30 Castle Age
28:20 Iron Casting
28:07 Chain Barding Armor
28:11 Husbandry
37:32 Stone Mining
44:32 Imperial Age
44:37 Cavalier
58:39 Blast Furnace
58:25 Plate Barding Armor
64:49 Paladin
69:31 Blast Furnace
68:36 Scale Mail Armor
69:47 Gold Mining
Superman-lev
14:17 Feudal Age
12:33 Loom
16:44 Double-Bit Axe
17:37 Man-at-Arms
22:00 Arson
26:06 Town Watch
26:56 Wheelbarrow
30:56 Bloodlines
33:52 Castle Age
32:34 Fletching
32:45 Padded Archer Armor
32:51 Scale Barding Armor
32:57 Forging
34:41 Husbandry
37:58 Hand Cart
37:43 Town Patrol
37:27 Horse Collar
39:11 Long Swordsman
39:52 Squires
40:39 Leather Archer Armor
41:02 Heavy Plow
43:21 Bow Saw
44:19 Ballistics
44:25 Light Cavalry
45:13 Gold Mining
48:55 Imperial Age
46:20 Pikeman
50:26 Elite Mangudai
73:56 Elite Skirmisher
DerVogts
17:22 Feudal Age
18:47 Horse Collar
19:34 Gold Mining
19:44 Double-Bit Axe
28:36 Castle Age
27:30 Scale Barding Armor
30:02 Wheelbarrow
30:11 Gold Shaft Mining
30:34 Chain Barding Armor
30:42 Heavy Plow
53:59 Imperial Age
51:50 Hand Cart
54:01 Capped Ram
55:48 Elite Battle Elephant
TomaszTomasson
15:31 Feudal Age
16:17 Man-at-Arms
18:01 Wheelbarrow
17:19 Stone Mining
17:15 Horse Collar
18:29 Forging
18:21 Scale Mail Armor
18:57 Forging
20:11 Arson
20:28 Gold Mining
21:18 Scale Barding Armor
21:50 Bloodlines
29:42 Castle Age
29:47 Long Swordsman
30:29 Squires
30:33 Husbandry
32:08 Hand Cart
33:01 Chain Barding Armor
34:30 Iron Casting
34:28 Double-Bit Axe
34:47 Heavy Plow
45:49 Chain Mail Armor
58:10 Imperial Age
59:19 Cavalier
63:34 Blast Furnace
Connection lost

Rejoining the realm…

Still unreachable

The connection could not be restored.

Session expired

The server has moved on; the page needs a fresh start.